 Dungeon Crawl Stone Soup version 0.20.1-1-g8b1a95d (webtiles) character file.

22 bobthegiant the Chiller (level 2, 20/20 HPs)
             Began as a Ghoul Ice Elementalist on Dec 15, 2017.
             Quit the game on level 2 of the Dungeon.
             The game lasted 00:02:58 (1024 turns).

bobthegiant the Chiller (Ghoul Ice Elementalist)    Turns: 1024, Time: 00:02:59

Health: 20/20      AC:  2    Str: 11    XL:     2   Next: 91%
Magic:  3/3        EV: 12    Int: 10    God:
Gold:   48         SH:  0    Dex:  9    Spells: 3/4 levels left

rFire    . . .     SeeInvis .   (no weapon)
rCold    + . .     Gourm    +   (no shield)
rNeg     + + +     Faith    .   a - +0 robe
rPois    ∞         Spirit   .   (no helmet)
rElec    .         Reflect  .   (no cloak)
rCorr    .         Harm     .   (no gloves)
MR       .....                  (no boots)
Stlth    ++........             h - amulet of the gourmand
Regen    0.1/turn               (no ring)
MPRegen  0.1/turn               (no ring)

@: rotting
A: rotting body, claws 1, carnivore 3, cold resistance 1, negative energy
resistance 3, inhibited regeneration, torment resistance, unbreathing
a: no special abilities


You were on level 2 of the Dungeon.
You were not hungry.

You visited 1 branch of the dungeon, and saw 2 of its levels.

You collected 48 gold pieces.

Inventory:

Hand Weapons
 k - a cursed -1 dagger
Armour
 a - a +0 robe (worn)
Jewellery
 h - an amulet of the gourmand (around neck)
Scrolls
 f - 2 scrolls of teleportation {unknown}
 g - a scroll of magic mapping {unknown}
 i - 2 scrolls of remove curse {unknown}
 j - a scroll of identify {unknown}
Potions
 d - a potion of curing {unknown}
 e - a potion of haste {unknown}
Books
 b - a book of Frost

   Spells                             Type                      Level
   a - Freeze                         Ice                          1
   b - Throw Frost                    Conjuration/Ice              2
   c - Ozocubu's Armour               Charms/Ice                   3
   d - Throw Icicle                   Conjuration/Ice              4
   e - Summon Ice Beast               Ice/Summoning                4
Comestibles
 c - a meat ration


   Skills:
 - Level 1.7 Dodging
 - Level 2.1 Stealth
 - Level 1.7 Spellcasting
   Level 0.7 Conjurations
 + Level 4.4 Ice Magic


You had 3 spell levels left.
You knew the following spells:

 Your Spells              Type           Power        Failure   Level  Hunger
a - Freeze                Ice            #...         5%          1    ##.....


Dungeon Overview and Level Annotations

Branches:
Dungeon (2/15)

Altars:
Vehumet


Innate Abilities, Weirdness & Mutations

Your body is rotting away.
You thrive on raw meat.
You are immune to poison.
You have sharp fingernails.
You are carnivorous and can eat meat at any time.
Your flesh is cold resistant. (rC+)
You are immune to negative energy. (rN+++)
You do not regenerate when monsters are visible.
You are immune to unholy pain and torment.
You can survive without breathing.


Message History

Done exploring.
Done exploring.
(D) Dungeon
Where to? (? - help)
There is a stone staircase leading down here.
You climb downwards.
There is a stone staircase leading up here.
Found a whip.
Found 13 gold pieces.
You now have 48 gold pieces (gained 13).
Found a stone staircase leading down.
There is a stone staircase leading down here.
Found a radiant altar of Vehumet.
Found a throwing net.
Found 24 arrows.
Found a stone staircase leading down.
Saving game... please wait.
Welcome back, bobthegiant the Ghoul Ice Elementalist.
Press ? for a list of commands and other information.
Are you sure you want to abandon this character and quit the game? (Confirm with "yes".)

###.. #......>.#.....#
#..#............. ###
..#..............
>.#####..§§.............
#.......§§§.............
#####...§§..............
##...§§§............
#...§......@.(.....
###..##..............
####...#####...........#
......#######.#.##..(..#
......##......#.# .###..
.........######.# .# .
......#### ..# . ......#
.## . ......# #


There were no monsters in sight!

Vanquished Creatures
  A dart slug (D:1)
  4 bats (D:1)
  A giant cockroach (D:1)
  2 goblins (D:1)
  5 hobgoblins (D:1)
  A ball python (D:1)
  A kobold (D:1)
  5 rats (D:1)
20 creatures vanquished.

Notes
Turn   | Place    | Note
-------+----------+-------------------------------------------
     0 | D:1      | bobthegiant the Ghoul Ice Elementalist began the quest for the Orb.
     0 | D:1      | Reached XP level 1. HP: 14/14 MP: 2/2
   173 | D:1      | Reached XP level 2. HP: 16/20 MP: 0/3
   222 | D:1      | Reached skill level 4 in Ice Magic
  1003 | D:2      | Found a radiant altar of Vehumet.
  1024 | D:2      | Quit the game

Skill      XL: |  1  2 |
---------------+-------+-----
Ice Magic      | 4 |  4.4
Dodging        | |  1.7
Stealth        | |  2.1
Spellcasting   | |  1.7
Conjurations   | |  0.7

Action                   || total
-------------------------++-------
Melee: Unarmed           ||    57
 Cast: Freeze            ||    12
  Eat: Chunk             ||     9
Armor: Robe              ||    15
Dodge: Dodged            ||    50
